 Dungeon Crawl Stone Soup version 0.28-a0-511-gcc94558de3 (webtiles) character file.

Game seed: 4565022146715003838

198 glau the Covert (level 6, -11/36 HPs)
             Began as a Kobold Brigand on Sept 21, 2021.
             Mangled by kaladindcss's ghost (16 damage)
             ... on level 4 of the Dungeon.
             The game lasted 00:11:09 (2997 turns).

glau the Covert (Kobold Brigand)                    Turns: 2997, Time: 00:11:09

Health: -11/36     AC:  4    Str:  8    XL:     6   Next: 5%
Magic:  15/15      EV: 14    Int: 12    God:
Gold:   92         SH:  0    Dex: 19    Spells: 5/5 levels left

rFire   . . .      SeeInvis .   m - +2 dagger (venom)
rCold   . . .      Faith    .   (shield restricted)
rNeg    . . .      Spirit   .   b - +0 robe
rPois   .          Reflect  .   (no helmet)
rElec   .          Harm     .   c - +0 cloak
rCorr   .          Rampage  .   r - +0 pair of gloves
Will    +....                   (no boots)
Stlth   +++++.....              n - amulet of the acrobat
HPRegen 0.12/turn               h - ring of willpower
MPRegen 0.14/turn               j - ring of magical power

@: no status effects
A: small, no large weapons, nightstalker 3
a: no special abilities


You were on level 4 of the Dungeon.
You visited 1 branch of the dungeon, and saw 4 of its levels.

You collected 92 gold pieces.

Inventory:

Hand Weapons
 a - a +2 dagger
 g - a +0 dagger
 k - a +0 hunting sling
 l - a +1 mace of protection
 m - a +2 dagger of venom (weapon)
Missiles
 d - 23 poisoned darts (quivered)
 e - 2 curare-tipped darts
 i - 29 sling bullets
Armour
 b - a +0 robe (worn)
 c - a +0 cloak (worn)
 r - a +0 pair of gloves (worn)
Jewellery
 h - a ring of willpower (left hand)
 j - a ring of magical power (right hand)
 n - an amulet of the acrobat (around neck)
Scrolls
 q - a scroll of teleportation {unknown}
Potions
 f - 3 potions of attraction {unknown}
 o - a potion of invisibility {unknown}
 p - a potion of brilliance {unknown}


   Skills:
 + Level 2.7 Fighting
 + Level 4.0 Short Blades
 + Level 2.2 Throwing
 + Level 1.8 Dodging
 + Level 8.4 Stealth


You had 5 spell levels left.
You didn't know any spells.
Your spell library contained the following spells:

 Spells                   Type           Power      Damage    Failure   Level
 Sandblast                Erth           0%         2d4       32%         1
 Passwall                 Tmut/Erth      0%         N/A       45%         2
 Stone Arrow              Conj/Erth      0%         3d7       69%         3


Dungeon Overview and Level Annotations

Branches:
Dungeon (4/15)
 Temple: D:4-7

Altars:

Shops:
D:3 *

Annotations:
D:3 MirrMurr's ghost, amateur SpEn; bmj180's ghost, weakling GnWn; p0werm0de's ghost, amateur MiFi
D:4 kaladindcss's ghost, amateur HOFi


Innate Abilities, Weirdness & Mutations

You are small and have problems with some larger weapons.
You are completely attuned to the shadows.


Message History

You kill the rat!
You see here a rat corpse.
You see here 24 bolts.
You start putting on your armour.
You continue putting on your +0 pair of gloves. x4
You finish putting on your +0 pair of gloves.
You see here a rat corpse.
Found a spear.
You see here a +0 spear.
You open the gate.
Found a robe.
MirrMurr's ghost turns its malevolent gaze towards you.
P0werm0de's ghost turns its malevolent gaze towards you.
Kaladindcss's ghost turns its malevolent gaze towards you.
There is an open translucent gate here.
Press: ? - help, v - describe, . - travel The floor.
Kaladindcss's ghost says, "Are you willing to die fighting?
I was!"
Kaladindcss's ghost whispers, "Everlasting silence awaits you..."
Kaladindcss's ghost says, "You will never get the ORB!"
Kaladindcss's ghost lets out a mournful wail.
You closely miss kaladindcss's ghost. Kaladindcss's ghost hits you.
You hit kaladindcss's ghost but do no damage.
You hit kaladindcss's ghost.
Kaladindcss's ghost is lightly damaged.
Kaladindcss's ghost closely misses you.
You closely miss kaladindcss's ghost.
Kaladindcss's ghost is lightly damaged.
Kaladindcss's ghost hits you!
There is a stone staircase leading down here.
You can't go up here!
Kaladindcss's ghost hits you!
You climb downwards.
There is a stone staircase leading up here.
You hit kaladindcss's ghost but do no damage.
Kaladindcss's ghost is lightly damaged.
Kaladindcss's ghost hits you!
* * * LOW HITPOINT WARNING * * *
Kaladindcss's ghost hits you!
You die...

...
#...
##...#
#...##
#@W...
###...
##


You could see kaladindcss's ghost.

Vanquished Creatures
  An orc priest (D:3)
  2 orc wizards (D:3)
  Robin (D:2)
  3 adders
  A worm (D:3)
  A dart slug (D:2)
  2 orcs (D:3)
  4 ball pythons
  5 bats
  7 endoplasms
  A giant cockroach (D:2)
  14 goblins
  9 hobgoblins
  A jackal (D:3)
  6 quokkas
  2 frilled lizards
  2 kobolds
  A quokka skeleton (D:3)
  7 rats
70 creatures vanquished.

Vanquished Creatures (others)
  2 withered plants (D:3)
2 creatures vanquished.

Grand Total: 72 creatures vanquished

Notes
Turn   | Place    | Note
-------+----------+-------------------------------------------
     0 | D:1      | glau the Kobold Brigand began the quest for the Orb.
     0 | D:1      | Reached XP level 1. HP: 12/12 MP: 1/1
     7 | D:1      | Noticed an electric eel
   217 | D:1      | You fall into a shaft and drop 1 floor!
   234 | D:2      | Reached XP level 2. HP: 18/18 MP: 2/2
   264 | D:2      | Reached skill level 6 in Stealth
   332 | D:2      | Reached XP level 3. HP: 22/22 MP: 3/3
  1348 | D:2      | Noticed Robin
  1351 | D:2      | Reached XP level 4. HP: 27/27 MP: 4/4
  1352 | D:2      | Killed Robin
  1367 | D:2      | Reached skill level 7 in Stealth
  1980 | D:3      | Reached XP level 5. HP: 31/31 MP: 5/5
  2014 | D:3      | Reached skill level 8 in Stealth
  2419 | D:3      | Reached XP level 6. HP: 36/36 MP: 6/6
  2501 | D:3      | Found a runed translucent gate.
  2502 | D:3      | Found a runed translucent gate.
  2502 | D:3      | Noticed bmj180's ghost (weakling GnWn)
  2503 | D:3      | Found a runed translucent gate.
  2505 | D:3      | Noticed MirrMurr's ghost (amateur SpEn)
  2626 | D:3      | Found Kinuko's Assorted Antiques.
  2950 | D:3      | Noticed p0werm0de's ghost (amateur MiFi)
  2951 | D:3      | Noticed kaladindcss's ghost (amateur HOFi)
  2997 | D:4      | Mangled by kaladindcss's ghost

Illustrated notes

Levels and vault maps discovered:
D:1:      arrival_aquarium_a, layout_rooms
D:2:      layout_basic, lemuel_another_geyser, uniq_robin
D:3:      layout_loops_ring, serial_shops, shop, gammafunk_ghost_cemetery,
          minmay_increasing_density
D:4:      layout_layer_cave, mainiacjoe_overflow_concentric_impassable,
          minmay_ogre_servants

Skill      XL: |  1  2  3  4  5 |
---------------+----------------+-----
Stealth        | 6 7 8 |  8.4
Short Blades   | 3 4 |  4.0
Fighting       | |  2.7
Throwing       | |  2.2
Dodging        | |  1.8

Action                   |  1- 3 |  4- 6 || total
-------------------------+-------+-------++-------
Melee: Dagger            |    66 |    75 ||   141
 Stab: Sleeping          |    25 |    22 ||    47
       Distracted        |       |     2 ||     2
Armor: Robe              |     9 |    12 ||    21
Dodge: Dodged            |    26 |    27 ||    53

Table legend: (Time is in decaauts)
 A = Elapsed time spent in this place.
 B = Non-inter-level travel time spent in this place.
 C = Inter-level travel time spent in this place.
 D = Time resting spent in this place.
 E = Time spent auto-exploring this place.
 F = Levels seen in this place.
 G = Mean time per level.
                   A        B        C        D        E       F      G
               +--------+--------+--------+--------+--------+-----+--------+
         Total |   2974 |   2899 |     75 |    166 |   2090 |   4 |  743.5 |
       Dungeon |   2974 |   2899 |     75 |    166 |   2090 |   4 |  743.5 |
               +--------+--------+--------+--------+--------+-----+--------+

Top non-repeatable levels by time:
     D:2: 1333 daAuts
     D:3: 843 daAuts
     D:1: 795 daAuts
     D:4: 1 daAuts
